 Dungeon Crawl Stone Soup version 0.21-a0-476-gd103f4b (webtiles) character file.

19127 tof the Carver (level 12, -6/106 HPs)
             Began as a Demonspawn Berserker on Nov 21, 2017.
             Was a High Priest of Trog.
             Killed from afar by an electric eel (11 damage)
             ... with a bolt of electricity
             ... on level 2 of the Lair of Beasts on Nov 22, 2017.
             The game lasted 00:32:47 (16048 turns).

tof the Carver (Demonspawn Berserker)              Turns: 16048, Time: 00:32:47

Health: -6/106     AC: 20    Str: 16    XL:     12   Next: 33%
Magic:  14/14      EV: 16    Int: 10    God:    Trog [*****.]
Gold:   854        SH:  1    Dex: 16    Spells: 11/11 levels left

rFire    . . .     SeeInvis +   a - +4 scimitar (freeze)
rCold    + . .     Gourm    .   L - -2 buckler (curse)
rNeg     . . .     Faith    .   C - +0 ring mail {rC+}
rPois    .         Spirit   .   (no helmet)
rElec    .         Reflect  .   (no cloak)
rCorr    +         Harm     .   h - +0 pair of gloves
MR       +....                  (no boots)
Stlth    ++........             (no amulet)
HPRegen  0.67/turn              n - ring of resist corrosion
MPRegen  0.14/turn              j - ring of flight

@: sanguine armour
A: hooves 1, see invisible, magic resistance 1, nightstalker 1, sense
surroundings 2, powered by death 1, regeneration 1, robust 1, weak 1, sanguine
armour 3
a: Berserk, Trog's Hand, Brothers in Arms, Burn Spellbooks, Renounce Religion,
Evoke Flight


You were on level 2 of the Lair of Beasts.
You worshipped Trog.
Trog was extremely pleased with you.
You were not hungry.

You visited 2 branches of the dungeon, and saw 14 of its levels.
You also visited: Bailey.

You collected 854 gold pieces.

Inventory:

Hand Weapons
 a - a +4 scimitar of freezing (weapon)
 d - a +0 blowgun
 G - a cursed +1 long sword
 Z - a +0 scimitar of flaming
Missiles
 q - 13 poisoned needles
 K - 62 tomahawks of returning (quivered)
Armour
 h - a +0 pair of gloves (worn)
 C - a +0 ring mail of cold resistance (worn)
 L - a cursed -2 buckler (worn)
 X - the +7 chain mail "Netse" {rN+ MR+ Str+2 Dex+4, unknown}
   (You found it on level 1 of the Lair of Beasts)

   It affects your strength (+2).
   It affects your dexterity (+4).
   It protects you from negative energy.
   It affects your resistance to hostile enchantments.
Jewellery
 f - a +1 ring of protection {unknown}
 j - a ring of flight (right hand)
 m - an uncursed ring of protection from cold
 n - a ring of resist corrosion (left hand)
 B - a +3 ring of dexterity {unknown}
 I - an uncursed amulet of magic regeneration {unknown}
 N - the ring of Ripsar {+Inv Dex+3 SInv, unknown}
   (You found it on level 2 of the Lair of Beasts)

   [ring of see invisible]

   It affects your dexterity (+3).
   It lets you see invisible.
   It lets you turn invisible.
 Q - a cursed -5 ring of protection {unknown}
Wands
 x - a wand of iceblast (6)
 E - a wand of flame (65)
Scrolls
 k - 4 scrolls of teleportation
 r - 5 scrolls of enchant weapon
 t - 2 scrolls of fear {unknown}
 u - a scroll of acquirement {unknown}
 w - 4 scrolls of fog {unknown}
 y - a scroll of blinking {unknown}
 F - 3 scrolls of magic mapping
 P - 2 scrolls of silence {unknown}
 R - a scroll of enchant armour {unknown}
 T - a scroll of vulnerability {unknown}
Potions
 b - 2 potions of agility {unknown}
 e - a potion of experience {unknown}
 g - 7 potions of curing
 i - 5 potions of might {unknown}
 l - 2 potions of cancellation {unknown}
 p - a potion of degeneration {unknown}
 s - 3 potions of brilliance {unknown}
 z - 5 potions of mutation {unknown}
 D - 8 potions of haste
 H - a potion of resistance {unknown}
 M - a potion of magic {unknown}
 O - 2 potions of ambrosia {unknown}
 S - a potion of lignification {unknown}
 U - a potion of flight {unknown}
Miscellaneous
 V - a lightning rod (4/4)
 Y - a phial of floods
Comestibles
 c - 6 bread rations
 o - 7 meat rations
 v - 4 royal jellies
 A - 32 fruits
 W - 4 chunks of flesh


   Skills:
 + Level 9.7 Fighting
 * Level 12.0 Long Blades
 + Level 8.6 Armour
 + Level 8.6 Dodging
 + Level 2.9 Evocations


You had 11 spell levels left.
You didn't know any spells.

Dungeon Overview and Level Annotations

Branches:
Dungeon (12/15)            Temple (0/1) D:4            Lair (2/6) D:10
    Orc (0/2) D:10
  Swamp: Lair:2-4    Shoals: Lair:2-4     Snake: Lair:2-4    Spider: Lair:2-4

Altars:
Ashenzari
Gozag
Hepliaklqana
Sif Muna
Trog
Uskayaw


Innate Abilities, Weirdness & Mutations

You have large cloven feet.
You are slightly more attuned to the shadows.
You regenerate a little health from kills.
When seriously injured, your bleeding wounds create very thick armour. (AC +12)
You have supernaturally acute eyesight. (SInv)
You are resistant to hostile enchantments. (MR+)
You passively map the area around you.
Your natural rate of healing is unusually fast.
You are robust. (+10% HP)
You are weak. (Str -2)


Message History

The electric eel shoots out a bolt of lightning at you!
The bolt of electricity hits you!
* * * LOW HITPOINT WARNING * * *
The electric eel shoots out a bolt of lightning at you!
The bolt of electricity misses the electric eel.
The bolt of electricity hits you!
* * * LOW HITPOINT WARNING * * *
The electric eel shoots out a bolt of lightning at you!
The bolt of electricity misses you.
The electric eel shoots out a bolt of lightning at you!
The bolt of electricity hits the electric eel.
The electric eel completely resists.
The bolt of electricity hits you!
* * * LOW HITPOINT WARNING * * *
The electric eel shoots out a bolt of lightning at you!
The bolt of electricity hits you!
* * * LOW HITPOINT WARNING * * *
The electric eel shoots out a bolt of lightning at you!
The bolt of electricity hits the electric eel.
The electric eel completely resists.
The bolt of electricity hits you!
You die...

, *#...##.#...####....## ###
#.../........#.....#####..
........<......#P...........
,......................#...###
.............######...#####
.............# #....
,.............## #...## ,
.............## ##...# ,
.......@..#P#....# * *
.............#...#
,.............. *, * , ,
.............. *≈≈ * , ,
...≈≈;.;......,, ≈ *, , ,
.≈≈.≈≈....... ,, * ≈ ,,
≈≈≈.≈≈;......, ≈ ≈ * , ,
≈!≈%>≈≈...... ,, ,
≈≈$≈≈≈≈...... , *


You could see 3 electric eels.

Vanquished Creatures
  Erica (Lair:2)
  2 manticores
  An ugly thing (D:11)
  A cyclops (D:12)
  2 centaur zombies
  2 spiny frogs
  A tyrant leech (Lair:2)
  A hornet (D:11)
  6 hippogriffs
  3 slime creatures (D:12)
  A wraith (D:10)
  2 basilisks
  24 yaks
  Grum (D:10)
  A hungry ghost (D:9)
  A soldier ant (D:12)
  The ghost of kae the Digger, an amateur GrEE (D:3)
  3 water moccasins
  7 porcupines
  10 orc warriors
  2 ice beasts (D:9)
  6 sky beasts
  2 phantoms
  5 ogres
  9 centaurs
  2 wolves (D:10)
  5 crocodiles
  2 big kobolds
  10 bullfrogs
  A wyvern skeleton (D:12)
  4 scorpions
  12 wights
  15 killer bees
  An electric eel (Lair:2)
  6 crimson imps
  A bullfrog zombie (D:10)
  9 orc priests
  7 hounds
  A bullfrog skeleton (D:4)
  2 centaur skeletons
  13 orc wizards
  5 iguanas
  6 worker ants
  A worker ant zombie (D:7)
  5 adders
  14 gnolls
  A howler monkey skeleton (D:6)
  6 river rats (D:6)
  3 shadow imps
  An ooze (D:5)
  2 adder zombies
  5 worms
  2 dart slugs (D:1)
  10 leopard geckos
  37 orcs
  2 ball pythons
  6 giant cockroaches
  11 goblins
  23 hobgoblins
  16 jackals
  A quokka (D:11)
  3 bats
  6 frilled lizards
  A jackal zombie (D:5)
  21 kobolds
  25 rats
399 creatures vanquished.

Vanquished Creatures (collateral kills)
  A hydra (Lair:1)
  A two-headed ogre (D:10)
2 creatures vanquished.

Vanquished Creatures (others)
  A shadow (D:12)
  An orc wizard (D:10)
  4 fungi (D:10)
  2 plants (D:10)
8 creatures vanquished.

Grand Total: 409 creatures vanquished

Notes
Turn   | Place    | Note
-------+----------+-------------------------------------------
     0 | D:1      | tof the Demonspawn Berserker began the quest for the Orb.
     0 | D:1      | Reached XP level 1. HP: 18/18 MP: 1/1
   325 | D:1      | Gained mutation: You regenerate a little health from kills. [demonic ancestry]
   325 | D:1      | Reached XP level 2. HP: 24/24 MP: 2/2
   327 | D:1      | Reached skill level 3 in Long Blades
   485 | D:1      | Reached ** piety under Trog
   623 | D:1      | Gained mutation: When seriously injured, your bleeding wounds create armour. (AC +12) [demonic ancestry]
   623 | D:1      | Reached XP level 3. HP: 27/29 MP: 3/3
  1953 | D:2      | Reached XP level 4. HP: 33/35 MP: 4/4
  2502 | D:3      | Noticed kae's ghost (amateur GrEE)
  2864 | D:3      | Killed kae's ghost
  2864 | D:3      | Reached skill level 4 in Long Blades
  2864 | D:3      | Gained mutation: When seriously injured, your bleeding wounds create thick armour. (AC +12) [demonic ancestry]
  2864 | D:3      | Reached XP level 5. HP: 42/42 MP: 5/5
  3282 | D:3      | Reached *** piety under Trog
  3632 | D:3      | Reached XP level 6. HP: 42/48 MP: 6/6
  3944 | D:4      | Noticed a hand axe
  3944 | D:4      | Noticed a hand axe
  4154 | D:4      | Found a staircase to the Ecumenical Temple.
  4504 | D:4      | Found a hide-covered altar of Uskayaw.
  4625 | D:4      | Reached skill level 5 in Long Blades
  4838 | D:4      | Found a hide-covered altar of Uskayaw.
  4975 | D:4      | Found a staircase to the Ecumenical Temple.
  5228 | D:4      | Upgraded the game from 0.21-a0-471-gd587bd5 to 0.21-a0-476-gd103f4b
  5243 | D:4      | Gained mutation: When seriously injured, your bleeding wounds create very thick armour. (AC +12) [demonic ancestry]
  5243 | D:4      | Reached XP level 7. HP: 41/55 MP: 7/7
  5385 | D:4      | Found a hazy altar of Hepliaklqana.
  5696 | D:5      | Entered Level 5 of the Dungeon
  5857 | D:5      | Found a bloodstained altar of Trog.
  6066 | D:5      | Got a sparkling glass ring
  6214 | D:5      | Identified the cursed ring "Jiqiummaff" {rPois rF- MR++ Int+4 Slay-3} (You found it on level 5 of the Dungeon)
  6351 | D:5      | Gained mutation: You are frail. (-10% HP) [mutagenic meat]
  6352 | D:5      | Gained mutation: You passively map a small area around you. [mutagenic meat]
  6353 | D:5      | Lost mutation: You are frail. (-10% HP) [mutagenic meat]
  6354 | D:5      | Gained mutation: You are resistant to hostile enchantments. (MR+) [mutagenic meat]
  6355 | D:5      | Gained mutation: Your natural rate of healing is unusually fast. [mutagenic meat]
  6560 | D:6      | Reached skill level 5 in Fighting
  6639 | D:6      | Reached skill level 6 in Long Blades
  6639 | D:6      | Reached XP level 8. HP: 62/62 MP: 8/8
  6849 | D:6      | Reached **** piety under Trog
  7779 | D:7      | Reached skill level 7 in Long Blades
  7806 | D:7      | Reached skill level 5 in Armour
  7806 | D:7      | Reached skill level 5 in Dodging
  7867 | D:7      | Reached XP level 9. HP: 53/69 MP: 9/9
  7938 | D:7      | Reached ***** piety under Trog
  8273 | D:7      | Found an opulent altar of Gozag.
  8402 | D:7      | Found a shattered altar of Ashenzari.
  8487 | D:7      | Found a deep blue altar of Sif Muna.
  8491 | D:7      | Reached skill level 8 in Long Blades
  8834 | D:8      | Received a gift from Trog
  9392 | D:8      | Found a flagged portal.
  9398 | Bailey   | Entered a bailey
 10410 | D:9      | Gained mutation: You have large cloven feet. [demonic ancestry]
 10410 | D:9      | Reached XP level 10. HP: 52/79 MP: 10/10
 10411 | D:9      | Reached skill level 9 in Long Blades
 11103 | D:10     | Entered Level 10 of the Dungeon
 11470 | D:10     | Found a staircase to the Orcish Mines.
 11494 | D:10     | Noticed a two-headed ogre
 11503 | D:10     | Killed a two-headed ogre
 11503 | D:10     | Reached skill level 10 in Long Blades
 11658 | D:10     | Gained mutation: You are robust. (+10% HP) [mutagenic meat]
 11659 | D:10     | Gained mutation: You have supernaturally acute eyesight. (SInv) [mutagenic meat]
 11660 | D:10     | Gained mutation: You are weak. (Str -2) [mutagenic meat]
 11662 | D:10     | Gained mutation: You passively map the area around you. [mutagenic meat]
 11745 | D:10     | Noticed Grum
 11759 | D:10     | Killed Grum
 11861 | D:10     | Found a staircase to the Lair.
 12083 | D:11     | Received a gift from Trog
 12090 | D:11     | Gained mutation: You are slightly more attuned to the shadows. [demonic ancestry]
 12090 | D:11     | Reached XP level 11. HP: 94/94 MP: 11/11
 12312 | D:11     | Noticed a cyan ugly thing
 12316 | D:11     | Killed a cyan ugly thing
 12448 | D:11     | Paralysed by a hornet for 1 turns
 13418 | D:12     | Reached skill level 11 in Long Blades
 14338 | Lair:1   | Entered Level 1 of the Lair of Beasts
 14377 | Lair:1   | Reached skill level 1 in Evocations
 14481 | Lair:1   | Got a jade-encrusted chain mail
 14509 | Lair:1   | Received a gift from Trog
 14517 | Lair:1   | Reached XP level 12. HP: 29/104 MP: 13/13
 14692 | Lair:1   | Noticed a six-headed hydra
 14697 | Lair:1   | Killed a six-headed hydra
 15464 | Lair:2   | Noticed Erica
 15473 | Lair:2   | Killed Erica
 15712 | Lair:2   | Reached skill level 12 in Long Blades
 15775 | Lair:2   | Got a wavering pewter ring
 16048 | Lair:2   | HP: 5/106 [electric eel/bolt of electricity (6)]
 16048 | Lair:2   | Killed from afar by an electric eel

Vault maps used:
D:1:      dpeg_arrival_line_fractal
D:4:      lemuel_crystal_altar, dancing_weapons_uskayaw,
          minmay_temple_entry_statues_fountains, serial_column_ruins,
          column_ruins_circle_small, column_ruins_columns_straight,
          column_ruins_grid_4, column_ruins_open_small,
          column_ruins_columns_corner, column_ruins_open_small,
          column_ruins_open_medium, minmay_box_of_dots
D:5:      bloody_trog, first_bread
D:6:      minmay_misc_feat_nine_boxes, dk_rats_in_the_wall
D:7:      overflow_temple_1_default, kennysheep_mini,
          ashenzari_conservatory_becter
D:8:      enter_bailey_3
D:9:      blue_anna_alchemist, due_unseen_surprise
D:10:     grunt_lair_entry_orc_guard_hut, david_orc_3, uniq_grum
Lair:2:   minmay_swamp_entry_worms, disabler_island, uniq_erica
Bailey:   bailey_axe_2, bailey

Skill      XL: |  1  2  3  4  5  6  7  8  9 10 11 12 |
---------------+-------------------------------------+-----
Long Blades    | 3 4 5 6 7 8 10 11 12 | 12.0
Armour         | 2 3 4 5 6 7 8 |  8.6
Dodging        | 2 3 4 5 6 7 8 |  8.6
Fighting       | 4 5 6 7 8 9 |  9.7
Evocations     | 1 2 |  2.9

Action                   |  1- 3 |  4- 6 |  7- 9 | 10-12 || total
-------------------------+-------+-------+-------+-------++-------
Melee: Falchion          |   242 |   522 |   334 |       ||  1098
       Scimitar          |       |       |   228 |   541 ||   769
       Kick              |       |       |       |   215 ||   215
Throw: Tomahawk          |       |       |    12 |     2 ||    14
Invok: Berserk           |     1 |     2 |     3 |     5 ||    11
       Trog's Hand       |       |     1 |     2 |     5 ||     8
       Brothers in Arms  |       |       |       |     2 ||     2
  Use: Scroll            |       |     3 |     2 |     4 ||     9
 Stab: Sleeping          |       |       |       |     1 ||     1
  Eat: Chunk             |     5 |    13 |    26 |    30 ||    74
       Bread ration      |       |       |     1 |       ||     1
Armor: Plate armour      |   268 |   395 |       |       ||   663
       Ring mail         |       |     7 |   187 |   218 ||   412
Dodge: Dodged            |    82 |   191 |   431 |   449 ||  1153
Block: Buckler           |       |       |     1 |    26 ||    27
       Rpst.: Falchion   |    21 |    64 |    74 |       ||   159
       Scimitar          |       |       |    49 |   128 ||   177

Table legend:
 A = Spawn XP
 B = Non-spawn XP
 C = Spawn XP percentage of total XP
 D = Spawn monster count
 E = Non-spawn monster count
 F = Spawn count percentage of total count
 G = Total turns spent on level
                    A         B        C        D         E        F      G
               +---------+---------+-------+---------+---------+-------+---------
         Total |       0 |   27325 |   0.0 |       0 |     403 |   0.0 | 16048
               +---------+---------+-------+---------+---------+-------+---------
           D:1 |       0 |      67 |   0.0 |       0 |      31 |   0.0 |  1236
           D:2 |       0 |      58 |   0.0 |       0 |      23 |   0.0 |  1522
           D:3 |       0 |     281 |   0.0 |       0 |      19 |   0.0 |  1186
           D:4 |       0 |     454 |   0.0 |       0 |      16 |   0.0 |  1752
           D:5 |       0 |     326 |   0.0 |       0 |      17 |   0.0 |   777
           D:6 |       0 |    1171 |   0.0 |       0 |      45 |   0.0 |  1292
           D:7 |       0 |    1646 |   0.0 |       0 |      34 |   0.0 |   991
           D:8 |       0 |     797 |   0.0 |       0 |      17 |   0.0 |  1003
           D:9 |       0 |    1816 |   0.0 |       0 |      19 |   0.0 |   834
          D:10 |       0 |    3263 |   0.0 |       0 |      37 |   0.0 |   945
          D:11 |       0 |    4544 |   0.0 |       0 |      40 |   0.0 |  1215
          D:12 |       0 |    4569 |   0.0 |       0 |      35 |   0.0 |  1075
        Lair:1 |       0 |    5265 |   0.0 |       0 |      24 |   0.0 |  1126
        Lair:2 |       0 |    2721 |   0.0 |       0 |      12 |   0.0 |   584
        Bailey |       0 |     347 |   0.0 |       0 |      34 |   0.0 |   510
               +---------+---------+-------+---------+---------+-------+---------
